 Dungeon Crawl Stone Soup version 0.30-a0-50-gb2d611f6b1 (webtiles) character file.

Game seed: 10412110345098168229

84051 LnG the Severer (level 15, -1/138 HPs)
             Began as a Hill Orc Fighter on Sept 3, 2022.
             Was a Believer of Uskayaw.
             Slain by a thrashing horror (3 damage)
             ... on level 3 of the Abyss on Sept 4, 2022.
             The game lasted 02:21:12 (33663 turns).

LnG the Severer (Hill Orc Fighter)                 Turns: 33663, Time: 02:21:14

Health: -1/138     AC: 27    Str: 36      XL:     15   Next: 79%
Magic:  11/15      EV: 10    Int:  7 (8)  God:    Uskayaw [**....]
Gold:   1010       SH: 14    Dex:  9      Spells: 14/14 levels left

rFire   + . .      SeeInvis +    a - +6 war axe (flame)
rCold   . . .      Faith    .    O - +2 buckler
rNeg    + + .      Spirit   .    K - +6 chain mail of the Imp {rF+ rC- rN++}
rPois   .          Reflect  +    s - +0 helmet
rElec   .          Harm     .    p - +2 cloak
rCorr   .          Rampage  .    w - +2 pair of gloves
Will    ++...      Rage     9%   (no boots)
Stlth   +.........               z - amulet of reflection
HPRegen 0.33/turn                B - ring "Focried" {rC+ Will+ Str+3 Dex+3 SInv}
MPRegen 0.14/turn                e - +6 ring of strength

@: about to teleport, unable to read, unable to drink
A: [berserk 2], [clumsy 2], [deterioration 2], [inability to drink after injury
2], [inability to read after injury 2]
a: Renounce Religion, Stomp, Line Pass


You were on level 3 of the Abyss.
You worshipped Uskayaw.
Uskayaw was noncommittal.
You visited 5 branches of the dungeon, and saw 21 of its levels.
You visited the Abyss 1 time.
You visited 1 bazaar.
You also visited: Sewer.

You collected 1170 gold pieces.
You spent 160 gold pieces at shops.

Inventory:

Hand Weapons
 a - a +6 war axe of flaming (weapon)
 q - a +3 sling
 Z - a +5 flail of venom
Missiles
 Q - 10 poisoned darts (quivered)
Armour
 p - a +2 cloak (worn)
 s - a +0 helmet (worn)
 t - a +3 crystal plate armour
 w - a +2 pair of gloves (worn)
 K - the +6 chain mail of the Imp (worn) {rF+ rC- rN++}
   (You found it on level 7 of the Dungeon)

   rF:        It protects you from fire.
   rC:        It makes you vulnerable to cold.
   rN:        It greatly protects you from negative energy.
 M - the +18 shield of the Gong {rElec rN+ Will+ EV-5}
   (You found it on level 7 of the Dungeon)

   It is deafeningly noisy when blocking attacks.
   EV:        It affects your evasion (-5).
   rElec:     It insulates you from electricity.
   rN:        It protects you from negative energy.
   Will:      It increases your willpower.
 O - a +2 buckler (worn)
Jewellery
 c - a ring of protection from fire
 e - a +6 ring of strength (right hand)
 g - a ring of positive energy
 v - a ring of poison resistance
 z - an amulet of reflection (around neck)
 B - the ring "Focried" (left hand) {rC+ Will+ Str+3 Dex+3 SInv}
   (You found it on level 5 of the Dungeon)

   [ring of willpower]

   Str:       It affects your strength (+3).
   Dex:       It affects your dexterity (+3).
   rC:        It protects you from cold.
   SInv:      It lets you see invisible.
   Will:      It increases your willpower.
 T - a +6 ring of dexterity
 U - a ring of resist corrosion
 V - a +4 ring of protection
 Y - a ring of wizardry
Wands
 j - a wand of polymorph (11)
 n - a wand of mindburst (37)
 y - a wand of digging (2)
 E - a wand of iceblast (15)
 G - a wand of charming (7)
 P - a wand of acid (9)
Scrolls
 b - 2 scrolls of silence
 d - 9 scrolls of teleportation
 f - 9 scrolls of immolation
 k - 2 scrolls of amnesia
 m - a scroll of torment
 o - 5 scrolls of poison
 x - 3 scrolls of blinking
 A - 3 scrolls of vulnerability
 D - 4 scrolls of fog
 F - 2 scrolls of summoning
 J - a scroll of magic mapping
 X - 2 scrolls of fear
Potions
 h - 3 potions of lignification
 i - 5 potions of invisibility
 l - 3 potions of flight
 r - 2 potions of brilliance
 u - a potion of attraction
 I - 4 potions of curing
 L - 2 potions of resistance
 N - a potion of heal wounds
 R - a potion of ambrosia
 S - 2 potions of mutation
 W - 2 potions of haste
Miscellaneous
 H - a condenser vane


   Skills:
 + Level 14.1 Fighting
 + Level 18.5 Axes
 + Level 6.2 Throwing
 + Level 13.0 Armour
 + Level 4.5 Dodging
 + Level 9.3 Stealth
 + Level 13.3 Shields


You had 14 spell levels left.
You didn't know any spells.
Your spell library contained the following spells:

 Spells                   Type           Power      Damage    Failure   Level
 Necrotise                Necr           0%         1d4       83%         1
 Summon Small Mammal      Summ           0%         N/A       83%         1
 Blink                    Tloc           0%         N/A       93%         2
 Sublimation of Blood     Necr           0%         N/A       93%         2
 Call Canine Familiar     Summ           0%         N/A       99%         3
 Lesser Beckoning         Tloc           0%         N/A       99%         3
 Portal Projectile        Hex/Tloc       0%         N/A       99%         3
 Summon Guardian Golem    Hex/Summ       0%         N/A       99%         3
 Tukima's Dance           Hex            0%         N/A       99%         3
 Vampiric Draining        Necr           0%         2d6       99%         3
 Airstrike                Air            0%         2d(0-16)  100%        4
 Animate Dead             Necr           0%         N/A       100%        4
 Petrify                  Tmut/Erth      0%         N/A       100%        4
 Summon Lightning Spire   Summ/Air       0%         N/A       100%        4
 Agony                    Necr           0%         N/A       100%        5
 Blade Hands              Tmut           0%         N/A       100%        5
 Borgnjor's Vile Clutch   Necr/Erth      0%         N/A       100%        5
 Irradiate                Conj/Tmut      0%         3d11      100%        5
 Lightning Bolt           Conj/Air       0%         1d11      100%        5
 Manifold Assault         Tloc           0%         N/A       100%        5
 Death Channel            Necr           0%         N/A       100%        6


Dungeon Overview and Level Annotations

Branches:
Dungeon (12/15)            Temple (1/1) D:7            Lair (5/5) D:9
  Swamp (0/4) Lair:3        Snake (2/4) Lair:3        Slime (1/5) Lair:4
  Sewer (visited)
    Orc: D:9-12

Altars:
Ashenzari
Cheibriados
Dithmenos
Elyvilon
Fedhas
Gozag
Hepliaklqana
Kikubaaqudgha
Makhleb
Nemelex Xobeh
Okawaru
Qazlal
Ru
Sif Muna
Trog
Uskayaw
Vehumet
Wu Jian
Xom
Yredelemnul
Zin
The Shining One
Jiyva

Shops:
D:2 :   D:10 *

Annotations:
Lair:1 exclusion: oklob plant
Lair:5 exclusion: obsidian statue


Innate Abilities, Weirdness & Mutations

[You have an uncontrollable temper.]
[You are very clumsy. (Dex -4)]
[Your body often deteriorates upon taking damage.]
[You sometimes lose the ability to drink potions when taking damage.]
[You sometimes lose the ability to read scrolls when taking damage.]


Message History

The thrashing horror tramples you but does no damage.
You block the thrashing horror's attack.
The thrashing horror tramples you!!
Your body deteriorates!
You feel dopey.
You stumble backwards!
A starcursed mass splits.
You can now pass through a line of other dancers.
As you read the scroll of teleportation, it crumbles to dust.
You feel strangely unstable.
You feel the power of the Abyss delaying your translocation!
The wretched star pulses with an eldritch light!
You occasionally lose the ability to drink potions when taking damage.
You lose the ability to drink potions when taking damage more often.
A starcursed mass splits.
A cacophony of accursed wailing tears at your sanity!
You feel threatened and lose the ability to read scrolls!
You feel threatened and lose the ability to drink potions!
* * * LOW HITPOINT WARNING * * *
You suddenly lose the ability to move!
The thrashing horror tramples you.
* * * LOW HITPOINT WARNING * * *
You are shoved backwards!
The hell hog bites you!
* * * LOW HITPOINT WARNING * * *
The sixfirhy hits you.
* * * LOW HITPOINT WARNING * * *
The sixfirhy shocks you!
* * * LOW HITPOINT WARNING * * *
The hell hog bites you but does no damage.
The thrashing horror tramples you but does no damage.
The thrashing horror tramples you.
* * * LOW HITPOINT WARNING * * *
You hold your ground!
You can move again.
The vampire attacks as you move away!
The vampire hits you but does no damage.
The vampire bites you but does no damage.
You block the sixfirhy's attack.
The sixfirhy hits you but does no damage.
You block the thrashing horror's attack.
The thrashing horror tramples you.
You die...

.. ..........# .
.....*....... ....*.
#......#
......##......##
........X......#
......X..X.....# #
.......XXX.hX..# ..#
......X..X3..X.#.....
..........*V3@.......
...............#.....
......##......## ...#
....#.....#..... .#.
... ##...###...... .
.. #..... ....... .
....... ....... .
..3.......#.#


You could see 8 starcursed masses, a wretched star, a hell hog, 2 thrashing
horrors, a sixfirhy, a smoke demon, a vampire (invisible) and a lurking horror.

Vanquished Creatures
  Rupert (Lair:4)
  An acid blob (Lair:4)
  A nagaraja (Snake:1)
  4 dire elephants (Lair:5)
  Snorg (D:10)
  3 hydras
  2 boulder beetles
  A centaur warrior (D:10)
  A two-headed ogre (D:11)
  2 anacondas (Snake:2)
  5 naga warriors
  8 death yaks
  2 shock serpents
  Nergalle (D:11)
  A naga sharpshooter (Snake:1)
  A spectral death yak (Lair:5)
  A spectral anaconda (Lair:5)
  2 bog bodies (Lair:3)
  A naga ritualist (Snake:2)
  4 necromancers (Lair:5)
  A lindwurm (Lair:3)
  A deep elf pyromancer (D:10)
  An ugly thing (D:10)
  3 mana vipers
  A cyclops (D:11)
  2 salamanders (Snake:2)
  3 manticores
  9 naga magi
  A guardian serpent (Snake:2)
  30 elephants
  A dire elephant zombie (Lair:5)
  Joseph (D:8)
  17 black mambas
  Maurice (D:8)
  2 vault sentinels (D:7)
  5 torpor snails
  A gargoyle (D:11)
  18 cane toads
  2 kobold demonologists (D:11)
  3 rime drakes (Lair:2)
  6 komodo dragons
  A tengu conjurer (D:10)
  2 trolls
  4 polar bears (Lair:4)
  7 hornets
  3 large abominations (D:10)
  A spectral elephant (Lair:5)
  10 dream sheep
  A wraith (D:9)
  3 wyverns
  Grum (D:8)
  2 basilisks
  42 yaks
  A fire elemental (Lair:3)
  A steam dragon (D:6)
  A death yak simulacrum (Lair:5)
  3 wargs (D:9)
  13 nagas
  An acid dragon (D:8)
  23 water moccasins
  4 black bears
  2 orc warriors
  4 ice beasts
  10 wolves
  4 small abominations
  An elephant skeleton (Lair:5)
  4 centaurs
  3 phantoms (D:5)
  11 bullfrogs
  5 kobold brigands
  A gnoll sergeant (D:9)
  3 necrophages
  4 scorpions
  3 wights (D:8)
  2 cane toad simulacra (Lair:5)
  7 jellies
  5 killer bees (D:11)
  8 howler monkeys
  4 electric eels
  A lava snake (Lair:3)
  2 hounds (D:7)
  2 orc priests
  7 iguanas
  2 orc wizards
  Natasha (twice) (D:2)
  Terence (D:3)
  Robin (D:3)
  5 gnolls (D:9)
  8 adders
  2 river rats (Sewer)
  A shadow imp (D:6)
  2 ufetubi
  4 worms (Sewer)
  2 dart slugs
  17 orcs
  10 ball pythons
  7 endoplasms
  A giant cockroach (D:1)
  14 goblins
  10 hobgoblins
  11 jackals
  4 quokkas
  6 bats
  2 frilled lizards
  27 kobolds
  6 rats
514 creatures vanquished.

Vanquished Creatures (others)
  An orc (D:6)
  31 fungi
  104 plants
  17 withered plants (Lair:5)
153 creatures vanquished.

Grand Total: 667 creatures vanquished

Notes
Turn   | Place    | Note
-------+----------+-------------------------------------------
     0 | D:1      | LnG the Hill Orc Fighter began the quest for the Orb.
     0 | D:1      | Reached XP level 1. HP: 19/19 MP: 1/1
   156 | D:1      | Reached skill level 3 in Axes
   156 | D:1      | Reached XP level 2. HP: 25/27 MP: 2/2
   833 | D:2      | Reached XP level 3. HP: 33/33 MP: 3/3
  1161 | D:2      | Found Leseytumm's Book Emporium.
  1223 | D:2      | Noticed Natasha
  1237 | D:2      | Killed Natasha
  1238 | D:2      | Reached skill level 4 in Axes
  1238 | D:2      | Reached XP level 4. HP: 10/40 MP: 4/4
  1490 | D:2      | Noticed Natasha
  1734 | D:2      | Killed Natasha
  1939 | D:3      | Found a faded altar of an unknown god.
  1970 | D:3      | Noticed Robin
  1995 | D:3      | Killed Robin
  2460 | D:3      | Reached XP level 5. HP: 46/46 MP: 5/5
  2477 | D:3      | Noticed Terence
  2486 | D:3      | Killed Terence
  2487 | D:3      | Reached skill level 5 in Axes
  3156 | D:4      | Reached XP level 6. HP: 53/53 MP: 6/6
  3379 | D:4      | Found a sparkling altar of Nemelex Xobeh.
  3908 | D:5      | Entered Level 5 of the Dungeon
  3920 | D:5      | Reached skill level 6 in Axes
  3922 | D:5      | Noticed a black bear
  3923 | D:5      | Noticed a water moccasin
  3980 | D:5      | Reached skill level 1 in Dodging
  4007 | D:5      | Identified the ring "Focried" {rC+ Will+ Str+3 Dex+3 SInv}
  4053 | D:5      | Reached skill level 5 in Fighting
  4067 | D:5      | Reached XP level 7. HP: 54/61 MP: 7/7
  4226 | D:5      | Noticed a hornet
  4242 | D:5      | Reached skill level 7 in Axes
  4244 | D:5      | Reached skill level 5 in Armour
  4355 | D:5      | Found a glowing drain.
  4365 | Sewer    | Entered a sewer
  4470 | Sewer    | Reached skill level 8 in Axes
  4923 | D:5      | Reached XP level 8. HP: 69/69 MP: 8/8
  5016 | D:5      | Reached skill level 9 in Axes
  5016 | D:5      | Reached skill level 5 in Shields
  5019 | D:5      | Paralysed by a hornet for 1 turns
  5024 | D:5      | Paralysed by a hornet for 1 turns
  5769 | D:6      | Reached skill level 10 in Axes
  5769 | D:6      | Reached XP level 9. HP: 77/77 MP: 9/9
  5901 | D:6      | Identified the +0 scale mail of the Playwright {*Corrode
                  | +Inv Will+++ Str-2}
  6668 | D:7      | Identified the +6 chain mail of the Imp {rF+ rC- rN++}
  6701 | D:7      | Noticed a vault sentinel
  6701 | D:7      | Noticed a vault sentinel
  6795 | D:7      | Reached skill level 11 in Axes
  6816 | D:7      | Killed a vault sentinel
  6817 | D:7      | Reached skill level 1 in Stealth
  6820 | D:7      | Killed a vault sentinel
  6821 | D:7      | Reached skill level 12 in Axes
  6828 | D:7      | Reached XP level 10. HP: 68/88 MP: 10/10
  6949 | D:7      | Found the +18 shield of the Gong {rElec rN+ Will+ EV-5}
  7036 | D:7      | Found a staircase to the Ecumenical Temple.
  7045 | Temple   | Entered the Ecumenical Temple
  7145 | Temple   | Became a worshipper of Uskayaw the Reveller
  7987 | D:5      | Reached * piety under Uskayaw
  8170 | D:5      | Reached ** piety under Uskayaw
  8442 | D:8      | Noticed Joseph
  8450 | D:8      | Reached *** piety under Uskayaw
  8451 | D:8      | Killed Joseph
  8467 | D:8      | Noticed Maurice
  8487 | D:8      | Killed Maurice
  8689 | D:8      | Paralysed by a hornet for 2 turns
  8693 | D:8      | Reached skill level 13 in Axes
  9085 | D:8      | Noticed a manticore
  9098 | D:8      | Killed a manticore
  9182 | D:8      | Noticed Grum
  9347 | D:8      | Killed Grum
  9355 | D:8      | Reached **** piety under Uskayaw
  9415 | D:8      | Reached ***** piety under Uskayaw
  9423 | D:8      | Reached ****** piety under Uskayaw
  9938 | D:8      | Reached XP level 11. HP: 95/95 MP: 11/11
 10702 | D:9      | Found a staircase to the Lair.
 10816 | D:9      | Found an ornate altar of the Wu Jian Council.
 10885 | D:9      | Reached skill level 14 in Axes
 11318 | D:10     | Entered Level 10 of the Dungeon
 11434 | Lair:1   | Entered Level 1 of the Lair of Beasts
 11646 | D:9      | Identified a scroll of acquirement
 11647 | D:9      | Acquired a +1 broad axe of freezing
 11851 | D:10     | Found a burning altar of Makhleb.
 11851 | D:10     | Found a blossoming altar of Fedhas.
 12070 | D:10     | Noticed Snorg
 12107 | D:10     | HP: 2/97 [Snorg (11)]
 12568 | Lair:1   | Noticed a seven-headed hydra
 13107 | D:11     | Noticed a cyclops
 13114 | D:11     | Killed a cyclops
 13374 | D:11     | Noticed Nergalle
 13401 | D:11     | Killed Nergalle
 13437 | D:11     | Noticed a manticore
 13611 | D:11     | Killed a manticore
 13847 | D:11     | Reached skill level 15 in Axes
 13899 | D:11     | Reached skill level 5 in Stealth
 13957 | D:11     | Noticed a two-headed ogre
 13973 | D:11     | Killed a two-headed ogre
 13974 | D:11     | Reached XP level 12. HP: 95/106 MP: 12/12
 14256 | D:11     | Found a blossoming altar of Fedhas.
 14523 | D:12     | Found a hide-covered altar of Uskayaw.
 14523 | D:12     | Noticed a two-headed ogre
 14938 | D:12     | Found a flickering gateway to a bazaar.
 14944 | Bazaar   | Entered a bazaar
 14948 | Bazaar   | Found Zuschasch's Jewellery Boutique.
 14971 | Bazaar   | Found Jutsuiqi's Antique Weapon Emporium.
 14994 | Bazaar   | Found Ofriw's General Store.
 15012 | Bazaar   | Found Veclureipp's Antique Armour Shoppe.
 15089 | Bazaar   | Bought a scroll of brand weapon for 104 gold pieces
 15164 | D:10     | Killed Snorg
 15165 | D:10     | Reached skill level 10 in Fighting
 15276 | D:9      | Killed a three-headed hydra
 16713 | Lair:2   | Reached skill level 16 in Axes
 16744 | Lair:2   | Reached skill level 1 in Throwing
 17284 | Lair:2   | Reached skill level 10 in Shields
 17370 | Lair:2   | Reached skill level 10 in Armour
 17514 | Lair:2   | Noticed a death yak
 17515 | Lair:2   | Noticed a death yak
 17515 | Lair:2   | Noticed a death yak
 17559 | Lair:1   | Killed a death yak
 17632 | Lair:2   | Noticed a death yak
 17632 | Lair:2   | Noticed a death yak
 17640 | Lair:1   | Killed a death yak
 17778 | Lair:2   | Killed a death yak
 17778 | Lair:2   | Killed a death yak
 17779 | Lair:2   | Reached XP level 13. HP: 82/115 MP: 13/13
 19036 | Lair:3   | Paralysed by a hornet for 2 turns
 20068 | Lair:3   | You fall into a shaft and drop 2 floors!
 20068 | Lair:5   | Entered Level 5 of the Lair of Beasts
 20079 | Lair:5   | Reached skill level 17 in Axes
 20267 | Lair:3   | Noticed Rupert
 20301 | Lair:4   | Found a staircase to the Slime Pits.
 20303 | Lair:4   | Found a viscous altar of Jiyva.
 20440 | Lair:4   | Killed Rupert
 20831 | Lair:4   | Reached XP level 14. HP: 85/126 MP: 14/14
 21504 | Lair:3   | Paralysed by a hornet for 3 turns
 21614 | Lair:3   | Found a staircase to the Snake Pit.
 21634 | Lair:3   | Found a staircase to the Swamp.
 24850 | Slime:1  | Entered Level 1 of the Pits of Slime
 24850 | Slime:1  | Noticed an acid blob
 24850 | Slime:1  | Noticed a quicksilver ooze
 24860 | Lair:4   | Killed an acid blob
 26011 | Lair:5   | Noticed a dire elephant
 26011 | Lair:5   | Noticed a dire elephant
 26011 | Lair:5   | Noticed a dire elephant
 26602 | Lair:5   | Noticed a dire elephant
 26615 | Lair:5   | Killed a dire elephant
 26709 | Lair:5   | Killed a dire elephant
 26710 | Lair:5   | Reached skill level 18 in Axes
 26721 | Lair:5   | Killed a dire elephant
 26724 | Lair:5   | Reached XP level 15. HP: 44/136 MP: 15/15
 27742 | Snake:1  | Entered Level 1 of the Snake Pit
 28595 | Snake:1  | Reached skill level 5 in Throwing
 29500 | Snake:1  | Identified the +1 leather armour of the Equator {Dex+7}
 32130 | Snake:2  | Noticed a nagaraja
 32174 | Snake:1  | Killed a nagaraja
 33088 | D:10     | Found a basalt altar of Yredelemnul.
 33429 | D:10     | Found Hotsapp's General Store.
 33441 | D:10     | Bought a scroll of fear for 56 gold pieces
 33566 | Abyss:2  | Cast into level 2 of the Abyss (a wizard)
 33661 | Abyss:3  | Paralysed by accursed screaming for 2 turns
 33662 | Abyss:3  | HP: 5/138 [sixfirhy (12)]
 33662 | Abyss:3  | HP: 2/138 [thrashing horror (3)]
 33663 | Abyss:3  | Slain by a thrashing horror

Illustrated notes

Levels and vault maps discovered:
D:1:      psy_arrival_statuary, layout_rooms
D:2:      layout_basic, serial_shops, nicolae_shop_behind_doors, uniq_natasha
D:3:      layout_basic, shapermc_ecumenical_altar_acropolis, uniq_terence,
          uniq_robin
D:4:      layout_cave_pools, nemelex_xobeh_ov_fountains_minmay
D:5:      layout_basic, portal_sewer_entry_d, minmay_joined_circles
D:6:      layout_gridville, minmay_misc_feat_pillars, dreamdust_wishing_well,
          minmay_misc_feat_encased
D:7:      layout_basic, lemuel_temple_firewalk_b, hellmonk_guarded_unrand_gong
D:8:      layout_loops_cross, uniq_joseph, uniq_maurice, uniq_grum
D:9:      layout_loops_ring, pdpol_wu_jian_five_deadly_venoms,
          erik_lair_orcish_takeover
D:10:     minmay_the_grid_octo_triangle [minmay_the_grid_octo_clover_2,
          minmay_the_grid_octo_prize_single_spiral, minmay_the_grid_octo_77],
          layout_long_grid, lemuel_crystal_altar,
          gammafunk_temple_overflow_elements, serial_shops, shop, laboratory,
          uniq_snorg
D:11:     layout_irregular_city, fedhas_altar_4, uniq_nergalle
D:12:     lemuel_ogre_cave, layout_irregular_city, serial_shops, bzr_entry_safe,
          nicolae_uskayaw_dance_hall, uniq_sonja, uniq_urug
Temple:   minmay_temple_bridge_d
Lair:1:   minmay_lair_oklob_tunnel, layout_regular_city
Lair:2:   layout_hall_layers, serial_bayou_shore_a
Lair:3:   cheibrodos_lair_overgrown_chateau, layout_gridlike,
          skrybe_swamp_entry_bodies, guppyfry_snake_entry_garden,
          gauntlet_entry_generic, lemuel_another_geyser, uniq_rupert
Lair:4:   layout_loops_ring, nicolae_slime_entry_slimehenge, grunt_megastairs_2
Lair:5:   due_jungle_book, layout_loops_ring, chequers_serial_rivers_room_a
Snake:1:  layout_honeycomb
Snake:2:  layout_onion, nicolae_alphabet_shops
Slime:1:  layout_caves
Abyss:3:  base: Depths:2, evilmike_abyss_exit_16

Skill      XL: |  1  2  3  4  5  6  7  8  9 10 11 12 13 14 15 |
---------------+----------------------------------------------+-----
Axes           | 3 4 5 6 8 10 12 13 15 16 17 18 | 18.5
Fighting       | 4 5 6 7 8 9 10 12 13 14 | 14.1
Armour         | 4 5 6 7 8 10 11 12 13 | 13.0
Dodging        | 1 2 3 4 |  4.5
Shields        | 4 5 6 7 9 10 11 12 13 | 13.3
Stealth        | 1 2 5 7 8 9 |  9.3
Throwing       | 2 3 4 6 |  6.2

Action                   |  1- 3 |  4- 6 |  7- 9 | 10-12 | 13-15 || total
-------------------------+-------+-------+-------+-------+-------++-------
Melee: War axe           |    95 |   129 |   289 |   534 |   796 ||  1843
       Unarmed           |       |     3 |       |       |       ||     3
Throw: Stone             |       |     7 |       |       |       ||     7
       Boomerang         |       |       |       |    26 |   147 ||   173
       Dart              |       |       |       |       |     5 ||     5
Invok: Line Pass         |       |       |       |       |     1 ||     1
  Use: Scroll            |       |    13 |     1 |    20 |    15 ||    49
       Potion            |       |       |     6 |     2 |     4 ||    12
 Stab: Paralysed         |       |       |       |    46 |    67 ||   113
Armor: Scale mail        |    46 |    77 |   109 |       |       ||   232
       Skin              |       |    22 |       |       |       ||    22
       Chain mail        |       |       |     9 |   194 |   278 ||   481
       Crystal plate arm |       |       |       |    26 |       ||    26
Dodge: Dodged            |    54 |    85 |    93 |   148 |   187 ||   567
Block: Buckler           |    26 |    44 |   160 |   226 |   427 ||   883
       Reflection        |       |       |     5 |    14 |    23 ||    42
       Kite shield       |       |       |       |   144 |       ||   144
       Other             |       |       |       |     1 |       ||     1

Table legend: (Time is in decaauts)
 A = Elapsed time spent in this place.
 B = Non-inter-level travel time spent in this place.
 C = Inter-level travel time spent in this place.
 D = Time resting spent in this place.
 E = Time spent auto-exploring this place.
 F = Levels seen in this place.
 G = Mean time per level.
                   A        B        C        D        E       F      G
               +--------+--------+--------+--------+--------+-----+--------+
         Total |  33700 |  32523 |   1177 |  12913 |   6267 |  25 | 1348.0 |
       Dungeon |  15799 |  15164 |    635 |   4988 |   4191 |  12 | 1316.6 |
        Temple |    172 |     72 |    100 |      0 |     61 |   1 |  172.0 |
          Lair |  12665 |  12253 |    412 |   5557 |   1444 |   5 | 2533.0 |
     Snake Pit |   4248 |   4219 |     29 |   2300 |    510 |   2 | 2124.0 |
    Slime Pits |      1 |      1 |      0 |      0 |      0 |   1 |    1.0 |
         Abyss |     92 |     92 |      0 |      0 |      0 |   2 |   46.0 |
        Bazaar |    185 |    185 |      0 |      0 |      0 |   1 |  185.0 |
         Sewer |    533 |    533 |      0 |     68 |     60 |   1 |  533.0 |
               +--------+--------+--------+--------+--------+-----+--------+

Top non-repeatable levels by time:
  Lair:3: 3720 daAuts
  Lair:2: 2916 daAuts
 Snake:1: 2740 daAuts
  Lair:5: 2582 daAuts
     D:9: 2157 daAuts
  Lair:4: 1960 daAuts
    D:11: 1954 daAuts
    D:10: 1752 daAuts
     D:8: 1571 daAuts
 Snake:2: 1508 daAuts
  Lair:1: 1486 daAuts
     D:6: 1469 daAuts
     D:5: 1385 daAuts
     D:3: 1358 daAuts
     D:7: 1356 daAuts
